Map: Coda LE

Players

souL - Winner!

  • Race: Zerg Zerg
  • Spawn Location: 5:00

desRow

  • Race: Protoss Protoss
  • Spawn Location: 11:00

Event: LycanGTV LotV Beta Tournament 1

VOD

Have the link to the VOD?

Description

Time

  • Played on: April 2, 2015, 12:29 p.m.
  • Length: 4:18

All games in this series

Show
View Real Time Build Order
Export as new Build Order

souL Zerg - Winner!

Build Orders: Pool Only 

Get SALT Encoding   

  12  0:01  Drone  
  13  0:09  Drone  
  14  0:20  Extractor  
  14  0:21  Drone  
  14  0:36  Spawning Pool  
  14  0:38  Drone  
  14  0:46  Overlord  
  14  0:51  Extractor  
  14  0:53  Drone  
  15  1:23  Metabolic Boost, Roach Warren  
  14  1:28  Queen  
  16  1:33  Zergling x2  
  17  1:45  Overlord  
  17  2:03  Roach x2  
  17  2:04  Roach  
  23  2:18  Overlord  
  23  2:26  Zergling x2  
  24  2:41  Zergling x10  
  24  2:43  Ravager  
  30  2:46  Ravager  
  31  2:52  Zergling x2  
  32  3:02  Zergling x2  
  33  3:15  Ravager  
  33  3:16  Zergling x8  
  37  3:36  Zergling x2  
  36  3:42  Zergling x4  
  36  3:43  Zergling x4  
  35  3:50  Zergling x2  
Show
View Real Time Build Order
Export as new Build Order

desRow Protoss 

Build Orders: Oracle Opening, Oracle Opening 

Get SALT Encoding   

  12  0:09  Pylon  
  12  0:13  Probe  
  13  0:25  Probe  
  14  0:31  Gateway  
  14  0:37  Probe  
  14  0:42  Assimilator  
  15  0:49  Probe  
  16  0:54  Assimilator  
  16  1:01  Probe (Chrono Boost)  
  18  1:12  Probe (Chrono Boost)  
  18  1:16  Pylon  
  18  1:18  Probe (Chrono Boost)  
  19  1:21  Cybernetics Core  
  19  1:30  Probe (Chrono Boost)  
  20  1:37  Probe (Chrono Boost)  
  21  1:47  Probe  
  22  1:59  Probe (Chrono Boost)  
  23  2:06  Zealot  
  24  2:11  Mothership Core (Chrono Boost)  
  26  2:16  Nexus  
  26  2:29  Stargate  
  26  2:31  Probe  
  27  2:45  Gateway  
  27  2:47  Probe  
  28  2:53  Robotics Facility  
  28  3:00  Probe  
  29  3:07  Forge  
  29  3:26  Pylon  
  29  3:28  Oracle (Chrono Boost)  
  29  3:32  Pylon  
  28  3:36  Pylon  
  24  3:44  Probe  

Tags
 
Add a new tag
Caveats
  • Supply blocks, unpowered buildings, or Contaminate may cause inaccurate times.
  • Supply counts are checked every 10 seconds.